 Dungeon Crawl Stone Soup version 0.29.1-2-gbd0b4ee654 (webtiles) character file.

Game seed: 16325944697383786454

14094 cdecastro the Fighter (level 11, -1/75 (90) HPs)
             Began as a Demonspawn Gladiator on Nov 29, 2022.
             Was a High Priest of Wu Jian.
             Slain by a minotaur
             ... wielding a +2 mace of draining
              (14 damage)
             ... in a Gauntlet on Nov 30, 2022.
             The game lasted 00:46:25 (16106 turns).

cdecastro the Fighter (Demonspawn Gladiator)       Turns: 16106, Time: 00:46:27

HP:   -1/75 (90)    AC: 21    Str: 18    XL:     11   Next: 84%
MP:   11/11         EV: 11    Int: 11    God:    Wu Jian [*****.]
Gold: 105           SH:  9    Dex: 14    Spells: 10/10 levels left

rFire   + + +      SeeInvis .   a - +0 flail (vorpal)
rCold   + . .      Faith    .   (no shield)
rNeg    . . .      Spirit   .   Y - +3 chain mail
rPois   .          Reflect  +   (helmet restricted)
rElec   .          Harm     .   (no cloak)
rCorr   .          Rampage  .   Z - +2 pair of gloves of Exceptional Miracles {rF+ Regen+}
Will    .....      NoTele   +   o - +2 pair of boots of the Exiled Wonders {rF+}
Stlth   ..........              t - amulet of reflection
HPRegen 1.02/turn               k - ring of protection from cold
MPRegen 0.12/turn               H - ring of protection from fire

@: heavily drained, invisible
A: antennae 2, large bone plates 1, spiny 1
a: Renounce Religion, Wall Jump, Serpent's Lash, Heavenly Storm


You were in a Gauntlet.
You worshipped Wu Jian.
Wu Jian was extremely pleased with you.
You visited 2 branches of the dungeon, and saw 13 of its levels.
You also visited: Gauntlet.

You collected 709 gold pieces.
You spent 604 gold pieces at shops.

Inventory:

Hand Weapons
 a - a +0 vorpal flail (weapon)
 b - a +2 dagger of venom
 Q - a +2 shortbow of freezing
Missiles
 e - 3 javelins (quivered)
 q - 5 curare-tipped darts
 r - 9 poisoned darts
Armour
 f - a scarf of harm
 o - the +2 pair of boots of the Exiled Wonders (worn) {rF+}
   (You found it in a Gauntlet)

   rF:        It protects you from fire.
 u - a +2 buckler
 J - a +1 chain mail of cold resistance
 L - a +2 kite shield
 Y - a +3 chain mail (worn)
 Z - the +2 pair of gloves of Exceptional Miracles (worn) {rF+ Regen+}
   (You bought it in a shop on level 8 of the Dungeon)

   rF:        It protects you from fire.
   Regen:     It increases your rate of health regeneration.
Magical Staves
 S - a staff of death
Jewellery
 d - a ring of ice
 k - a ring of protection from cold (left hand)
 t - an amulet of reflection (around neck)
 z - a ring of protection from fire
 H - a ring of protection from fire (right hand)
 R - an amulet of faith
Wands
 c - a wand of flame (5)
 v - a wand of digging (4)
 A - a wand of polymorph (14)
 B - a wand of acid (7)
 D - a wand of charming (2)
 I - a wand of roots (5)
 W - a wand of mindburst (4)
Scrolls
 i - a scroll of amnesia
 j - 6 scrolls of immolation
 l - 7 scrolls of teleportation {unknown}
 m - 3 scrolls of enchant weapon {unknown}
 p - 2 scrolls of brand weapon {unknown}
 s - 2 scrolls of enchant armour {unknown}
 y - 2 scrolls of fog {unknown}
 C - 4 scrolls of poison
 E - a scroll of acquirement {unknown}
 M - 2 scrolls of magic mapping {unknown}
 N - a scroll of torment {unknown}
 T - 4 scrolls of vulnerability {unknown}
 U - 3 scrolls of blinking {unknown}
 V - 3 scrolls of noise {unknown}
Potions
 g - 2 potions of lignification
 h - 3 potions of brilliance
 n - 8 potions of curing
 x - 3 potions of resistance
 F - 3 potions of might
 K - 4 potions of haste
 P - 2 potions of flight
 X - 4 potions of attraction


   Skills:
 - Level 10.0 Fighting
 - Level 2.6 Maces & Flails
 - Level 1.7 Throwing
 - Level 10.0 Armour
 - Level 10.0 Dodging
 + Level 7.6 Evocations


You had 10 spell levels left.
You didn't know any spells.
Your spell library contained the following spells:

 Spells                   Type           Power      Damage    Failure   Level
 Shock                    Conj/Air       0%         1d3       97%         1
 Confusing Touch          Hex            0%         N/A       100%        3
 Frozen Ramparts          Ice            0%         1d1       100%        3
 Gell's Gravitas          Tloc           0%         N/A       100%        3
 Portal Projectile        Hex/Tloc       0%         N/A       100%        3
 Swiftness                Air            0%         N/A       100%        3
 Teleport Other           Tloc           0%         N/A       100%        3
 Tukima's Dance           Hex            0%         N/A       100%        3
 Airstrike                Air            0%         2d(0-16)  100%        4
 Corpse Rot               Necr/Pois/Air  0%         N/A       100%        4
 Dispel Undead            Necr           0%         3d6       100%        4
 Ice Form                 Ice/Tmut       0%         N/A       100%        4
 Olgreb's Toxic Radiance  Pois           0%         N/A       100%        4
 Summon Ice Beast         Ice/Summ       0%         N/A       100%        4
 Blade Hands              Tmut           0%         N/A       100%        5
 Yara's Violent Unravell  Hex/Tmut       0%         3d3       100%        5
 Death Channel            Necr           0%         N/A       100%        6
 Dispersal                Tloc           0%         N/A       100%        6
 Enfeeble                 Hex            0%         N/A       100%        7
 Ozocubu's Refrigeration  Ice            0%         4d7       100%        7
 Ignition                 Fire           0%         3d3       100%        8


Dungeon Overview and Level Annotations

Branches:
Dungeon (12/15)            Temple (1/1) D:7            Lair (0/5) D:11
    Orc (0/2) D:9         Gauntlet (1/1)

Altars:
Ashenzari
Cheibriados
Dithmenos
Fedhas
Gozag
Hepliaklqana
Kikubaaqudgha
Makhleb
Nemelex Xobeh
Okawaru
Qazlal
Ru
Sif Muna
Trog
Uskayaw
Vehumet
Wu Jian
Xom
Yredelemnul

Shops:
D:7 *   D:8 *   D:10 [*((

Annotations:
D:12 1 runed translucent door Gauntlet 8 transporters, exclusion: obsidian statue


Innate Abilities, Weirdness & Mutations

You have a pair of antennae on your head.
You are partially covered in large bone plates. (SH +4)
You are partially covered in sharp spines.


Message History

You hit the minotaur but do no damage.
The minotaur is moderately wounded.
The minotaur is engulfed in poison gas.
The minotaur looks as sick as possible!
The minotaur is struck by your spines.
The minotaur hits you with a +2 mace of draining!!
* * * LOW HITPOINT WARNING * * *
You feel drained.
* * * LOW HITPOINT WARNING * * *
The minotaur gores you.
* * * LOW HITPOINT WARNING * * *
The minotaur is engulfed in poison gas.
The minotaur looks as sick as possible!
You block the minotaur's attack.
The minotaur gores you but does no damage.
You closely miss the minotaur.
The minotaur furiously retaliates!
The minotaur headbutts you.
* * * LOW HITPOINT WARNING * * *
The minotaur is heavily wounded.
The minotaur is engulfed in poison gas.
The minotaur looks as sick as possible!
The minotaur hits you with a +2 mace of draining!
* * * LOW HITPOINT WARNING * * *
You feel drained.
* * * LOW HITPOINT WARNING * * *
The minotaur gores you but does no damage.
You barely miss the minotaur.
The minotaur furiously retaliates!
The minotaur headbutts you.
* * * LOW HITPOINT WARNING * * *
The minotaur is severely wounded.
The minotaur is engulfed in poison gas.
The minotaur looks as sick as possible!
The minotaur hits you with a +2 mace of draining.
* * * LOW HITPOINT WARNING * * *
You feel drained. You block the minotaur's attack.
Unknown command.
You fade into invisibility!
The minotaur is engulfed in poison gas.
The minotaur looks as sick as possible!
The minotaur hits you with a +2 mace of draining.
* * * LOW HITPOINT WARNING * * *
You feel drained.
* * * LOW HITPOINT WARNING * * *
The minotaur gores you!
You die...

##+### #§§§§ #§☼§§ §§§ §☼∩ #§#
#######H####### #§☼§○°°@§°§☼☼○#
#°###○###§###§# #..§§.....☼☼..#
###§###.###☼### ###.###.###.###
#.............# ##...©.©.©...##
############..8.8.8..############
≈#≈#≈#≈#§####.......####≈#§#≈#≈#≈


You could see a minotaur (unable to see you, extremely poisoned).

Vanquished Creatures
  3 two-headed ogres
  A manticore (D:12)
  2 cyclopes
  A kobold demonologist (D:11)
  2 trolls (D:10)
  13 flying skulls (Gauntlet)
  A shadow (D:9)
  A wraith (D:10)
  A wyvern (D:10)
  19 yaks
  Menkaure (D:4)
  6 vampire mosquitoes
  Edmund (D:5)
  3 water moccasins
  A hornet zombie (D:7)
  An ice beast (D:7)
  4 orc warriors
  A sky beast (D:7)
  2 ogres
  9 centaurs
  2 phantoms
  6 necrophages
  4 bullfrogs
  3 gnoll sergeants
  A water moccasin zombie (D:7)
  6 wights
  5 howler monkeys
  A centaur zombie (D:7)
  A human zombie (D:7)
  5 hounds
  2 jellies
  4 orc priests
  A gnoll bouda (D:5)
  Jessica (D:3)
  2 iguanas
  6 orc wizards
  A killer bee zombie (D:7)
  A mummy (D:7)
  A howler monkey zombie (D:7)
  12 gnolls
  7 adders
  3 white imps
  An ufetubus (D:5)
  2 worms
  3 dart slugs
  27 orcs
  7 bats
  4 endoplasms
  7 giant cockroaches
  6 goblins
  9 hobgoblins
  14 jackals
  6 kobolds
  3 quokkas
  6 ball pythons
  3 frilled lizards
  3 rats
249 creatures vanquished.

Vanquished Creatures (others)
  18 withered plants (Gauntlet)
18 creatures vanquished.

Grand Total: 267 creatures vanquished

Notes
Turn   | Place    | Note
-------+----------+-------------------------------------------
     0 | D:1      | cdecastro the Demonspawn Gladiator began the quest for the
                  | Orb.
     0 | D:1      | Reached XP level 1. HP: 16/16 MP: 1/1
   340 | D:1      | Found a faded altar of an unknown god.
   377 | D:1      | Gained mutation: You are partially covered in sharp spines.
                  | [demonic ancestry]
   377 | D:1      | Reached XP level 2. HP: 22/23 MP: 2/2
   475 | D:1      | Prayed at the altar of an unknown god.
   475 | D:1      | Became a worshipper of the Wu Jian Council
   475 | D:1      | Reached * piety under Wu Jian
   754 | D:2      | Reached XP level 3. HP: 28/29 MP: 3/3
  1382 | D:2      | Reached ** piety under Wu Jian
  1681 | D:3      | Gained mutation: You have a pair of small antennae on your
                  | head. [demonic ancestry]
  1681 | D:3      | Reached XP level 4. HP: 38/38 MP: 4/4
  2048 | D:3      | Reached skill level 5 in Fighting
  2143 | D:3      | Reached XP level 5. HP: 32/44 MP: 5/5
  2362 | D:3      | Noticed Jessica
  2365 | D:3      | Killed Jessica
  2382 | D:3      | Found an iron altar of Okawaru.
  2787 | D:4      | Noticed Menkaure
  2802 | D:4      | Killed Menkaure
  2803 | D:4      | Reached XP level 6. HP: 11/53 MP: 6/6
  3107 | D:4      | Reached *** piety under Wu Jian
  3219 | D:4      | Found a snail-covered altar of Cheibriados.
  3608 | D:5      | Entered Level 5 of the Dungeon
  3639 | D:5      | Gained mutation: You are partially covered in large bone
                  | plates. (SH +4) [demonic ancestry]
  3639 | D:5      | Reached XP level 7. HP: 39/61 MP: 7/7
  4595 | D:5      | Noticed Edmund
  4663 | D:5      | Killed Edmund
  5023 | D:5      | Reached XP level 8. HP: 53/71 MP: 8/8
  5574 | D:5      | Reached skill level 10 in Fighting
  5734 | D:6      | Reached skill level 1 in Armour
  5788 | D:6      | Found a basalt altar of Yredelemnul.
  6823 | D:6      | Found a shimmering altar of Xom.
  7061 | D:7      | Found Xulet's General Store.
  7068 | D:7      | Found a bloodstained altar of Trog.
  7088 | D:7      | Bought a scroll of identify for 30 gold pieces
  7088 | D:7      | Bought a potion of flight for 45 gold pieces
  7088 | D:7      | Bought a scroll of identify for 30 gold pieces
  7150 | D:7      | Found a hide-covered altar of Uskayaw.
  7288 | D:7      | Reached skill level 5 in Armour
  7411 | D:7      | Found an ancient bone altar of Kikubaaqudgha.
  7462 | D:7      | Gained mutation: You have a pair of antennae on your head.
                  | [demonic ancestry]
  7462 | D:7      | Reached XP level 9. HP: 60/78 MP: 9/9
  7838 | D:7      | Found a radiant altar of Vehumet.
  7842 | D:7      | Reached **** piety under Wu Jian
  8001 | D:7      | Found a staircase to the Ecumenical Temple.
  8021 | Temple   | Entered the Ecumenical Temple
  8246 | D:7      | Found a broken altar of Ashenzari.
  8713 | D:8      | You fall into a shaft and drop 3 floors!
  8793 | D:11     | Noticed a cyclops
  8805 | D:11     | Killed a cyclops
  9132 | D:10     | Entered Level 10 of the Dungeon
  9132 | D:10     | Found Oriakil's Antique Armour Emporium.
  9188 | D:11     | Noticed a gargoyle
  9205 | D:11     | Noticed a troll
  9462 | D:10     | Found Hoil's Antique Weapon Boutique.
  9487 | D:10     | Bought a fine spear for 224 gold pieces
  9487 | D:10     | Identified the +1 spear "Fuawucey" {protect, rC+ Dex+2
                  | Stlth+} (You bought it in a shop on level 10 of the
                  | Dungeon)
  9727 | D:8      | Found Foaxui's Assorted Antiques.
 10846 | D:9      | Reached XP level 10. HP: 40/81 MP: 10/10
 11032 | D:9      | Found a staircase to the Orcish Mines.
 11047 | D:9      | Reached skill level 10 in Armour
 11573 | D:9      | Noticed a two-headed ogre
 11699 | D:9      | Killed a two-headed ogre
 11934 | D:9      | Reached skill level 5 in Dodging
 13593 | D:8      | Bought a scroll labelled ANUTYA XE VARCH for 23 gold pieces
 13593 | D:8      | Bought a pair of distressingly furry gloves for 218 gold
                  | pieces
 13593 | D:8      | Identified the +2 pair of gloves of Exceptional Miracles
                  | {rF+ Regen+} (You bought it in a shop on level 8 of the
                  | Dungeon)
 13930 | D:10     | Reached XP level 11. HP: 75/90 MP: 11/11
 14080 | D:10     | Found Xomaxt's Assorted Antiques.
 14088 | D:10     | Bought a scroll labelled ZEFEXI UGHOAD for 34 gold pieces
 14092 | D:10     | Found Veuhieg's Weapon Boutique.
 14229 | D:10     | Noticed a two-headed ogre
 14276 | D:10     | Killed a two-headed ogre
 14758 | D:11     | Found a staircase to the Lair.
 14862 | D:11     | Reached skill level 10 in Dodging
 14880 | D:11     | Noticed a two-headed ogre
 14957 | D:10     | Killed a two-headed ogre
 15213 | D:11     | Reached ***** piety under Wu Jian
 15275 | D:12     | Noticed a five-headed hydra
 15356 | D:12     | Found a large runed translucent door.
 15395 | D:12     | Noticed a two-headed ogre
 15406 | D:12     | Noticed a two-headed ogre
 15496 | D:12     | Reached skill level 5 in Evocations
 15521 | D:12     | Found a gate leading to a gauntlet.
 15529 | Gauntlet | Entered a Gauntlet
 15529 | Gauntlet | Found a transporter.
 15536 | Gauntlet | Noticed a wretched star
 15538 | Gauntlet | Found a transporter.
 15539 | Gauntlet | Found a transporter.
 15540 | Gauntlet | Found a transporter.
 15543 | Gauntlet | Found a transporter.
 15544 | Gauntlet | Found a transporter.
 15552 | Gauntlet | Found a transporter.
 15557 | Gauntlet | Found a transporter.
 15572 | Gauntlet | Noticed an obsidian statue
 15579 | Gauntlet | Found a transporter.
 15579 | Gauntlet | Found a transporter.
 15587 | Gauntlet | Found a transporter.
 15627 | Gauntlet | Found a transporter.
 15843 | Gauntlet | Identified the +2 pair of boots of the Exiled Wonders {rF+}
 16097 | Gauntlet | Noticed a minotaur
 16106 | Gauntlet | Slain by a minotaur

Illustrated notes

Levels and vault maps discovered:
D:1:      arrival_zaba_pyramid, layout_rooms,
          shapermc_ecumenical_altar_mp_vishouse
D:2:      layout_loops_ring
D:3:      layout_basic, mainiacjoe_overflow_catwalk, uniq_jessica
D:4:      layout_cave_pools, slow_altar_1, uniq_menkaure
D:5:      layout_cave_pools, serial_gnoll_camp, gnoll_camp_mini_doghouse,
          gnoll_camp_mini_hut, gnoll_camp_mini_hut, gnoll_camp_mini_loothouse,
          gnoll_camp_mini_sergeant, gnoll_camp_mini_hut, sigmund_army,
          uniq_edmund
D:6:      layout_loops_corners, mainiacjoe_overflow_alcove_1,
          mainiacjoe_overflow_24_doors, nrook_mini_backslash,
          corexii_hall_statues_l
D:7:      layout_layer_cave, lemuel_mausoleum_altar_kikubaaqudgha,
          mainiacjoe_overflow_surrounded_room, overflow_temple_1_default,
          mainiacjoe_overflow_catwalk_spiral, minmay_temple_entry_slanted,
          serial_shops, shop, nrook_pool_corridor
D:8:      layout_loops_cross, serial_shops, nicolae_shop_overgrown_old_shop,
          serial_bayou_pond_e
D:9:      layout_cave_pods, orc_david_3
D:10:     layout_irregular_city, serial_shops, nicolae_shop_advertising_works
          [nicolae_subvault_shop_adworks], nicolae_shop_statue_plus,
          nicolae_square_shop, nicolae_take_the_stairs, grunt_ministairs_9
D:11:     layout_roguey, lair_entry_dummy, minmay_orc_keep
D:12:     layout_cave_pools, ebering_ghost_disaster_area,
          gauntlet_entry_generic, zin_purify
Temple:   nicolae_temple_ecumenical_triangle
Gauntlet: minmay_gauntlet_mixed_oops_all_seconds
          [minmay_gauntlet_arena_77_museum, gammafunk_gauntlet_arena_grid,
          minmay_gauntlet_arena_77_two_lines, nicolae_gauntlet_arena_quarters,
          minmay_gauntlet_arena_77_radiant_squares,
          gammafunk_gauntlet_arena_arrow_garden, gauntlet_exit_hidden_loot]

Skill      XL: |  1  2  3  4  5  6  7  8  9 10 11 |
---------------+----------------------------------+-----
Fighting       | 3 4 5 6 7 9 10 | 10.0
Armour         | 6 9 10 | 10.0
Dodging        | 8 10 | 10.0
Evocations     | 7 |  7.6
Maces & Flails | |  2.6
Throwing       | |  1.7

Action                   |  1- 3 |  4- 6 |  7- 9 | 10-12 || total
-------------------------+-------+-------+-------+-------++-------
Melee: Flail             |    83 |    16 |   176 |   138 ||   413
       Punch             |     4 |     1 |    10 |     6 ||    21
       Dagger            |       |    74 |   197 |   372 ||   643
       Unarmed           |       |       |    22 |       ||    22
 Fire: Shortbow          |       |       |       |    16 ||    16
Invok: Lunge             |     6 |    10 |    18 |    15 ||    49
       Whirlwind         |       |       |    29 |    38 ||    67
       Serpent's Lash    |       |       |     4 |     7 ||    11
 Abil: Wall Jump         |       |       |    11 |    18 ||    29
Evoke: Wand              |       |       |       |     2 ||     2
  Use: Scroll            |       |       |    10 |     5 ||    15
       Potion            |       |       |     1 |     3 ||     4
Armor: Ring mail         |    34 |    20 |     7 |       ||    61
       Leather armour    |     2 |       |       |       ||     2
       Chain mail        |       |       |   129 |   334 ||   463
Dodge: Dodged            |    40 |    41 |   150 |   351 ||   582
Block: Other             |       |       |    54 |   195 ||   249
